 Dungeon Crawl Stone Soup version 0.25-a0-263-g9d16a9d099 (webtiles) character file.

Game seed: 7042675480200933375, levelgen mode: deterministic

8 Essalna the Skirmisher (level 2, 24/24 HPs)
             Began as a Demonspawn Berserker on Dec 7, 2019.
             Was a Follower of Trog.
             Got out of the dungeon alive.
             The game lasted 00:01:06 (513 turns).

Essalna the Skirmisher (Demonspawn Berserker)        Turns: 513, Time: 00:01:07

Health: 24/24      AC:  3    Str: 17    XL:     2   Next: 0%
Magic:  2/2        EV: 12    Int:  8    God:    Trog [*.....]
Gold:   37         SH:  0    Dex: 12    Spells: 1/1 levels left

rFire    . . .     SeeInvis .   a - +0 falchion
rCold    . . .     Gourm    .   (no shield)
rNeg     . . .     Faith    .   d - +0 leather armour
rPois    .         Spirit   .   (no helmet)
rElec    .         Reflect  .   (no cloak)
rCorr    .         Harm     .   (no gloves)
MR       .....                  (no boots)
Stlth    +.........             (no amulet)
HPRegen  0.08/turn              (no ring)
MPRegen  0.08/turn              (no ring)

@: no status effects
A: claws 1
a: Berserk, Renounce Religion


You escaped.
You worshipped Trog.
Trog was aware of your devotion.
You were not hungry.

You visited 1 branch of the dungeon, and saw 1 of its levels.

You collected 37 gold pieces.

Inventory:

Hand Weapons
 a - a +0 falchion (weapon)
Armour
 b - a +0 animal skin
 d - a +0 leather armour (worn)
Scrolls
 e - a scroll of immolation {unknown}
 h - a scroll of enchant armour {unknown}
 i - a scroll of identify {unknown}
 j - a scroll of teleportation {unknown}
Potions
 f - a potion of curing {unknown}
 g - 2 potions of berserk rage {unknown}
 k - a potion of magic {unknown}
Comestibles
 c - 4 rations


   Skills:
 + Level 3.2 Fighting
 + Level 2.9 Long Blades
 + Level 2.0 Armour
 - Level 1.7 Dodging


You had one spell level left.
You didn't know any spells.
Your spell library was empty.

Dungeon Overview and Level Annotations

Branches:
Dungeon (1/15)

Altars:


Innate Abilities, Weirdness & Mutations

You have sharp fingernails.


Message History

Trog accepts your kill.
You have reached level 2!
You feel monstrous as your demonic heritage exerts itself.
Your demonic ancestry asserts itself...
Your fingernails lengthen.
Save game and exit?
Okay, then.
Unknown command.
Unknown command.
Unknown command.
Unknown command.
Save game and exit?
Okay, then.
Unknown command.
Unknown command.
You see here a stone.
You see here 20 poisoned darts.
There is a staircase leading out of the dungeon here.
Are you sure you want to leave the Dungeon?
This will make you lose the game!
You have escaped!

#.......# ######## #......
##.......# #...... .........#
###.##. #........# ### ### #.##.
#.....^..###≈## ##≈## #.##.
#........##≈.≈#####≈♣≈## #.###
..........≈.⌠.≈≈≈≈≈♣⌠♣≈# ####.#..
###.###.#..≈........♣≈.###....#.#
#.# #.#.(.≈...@...≈...##.####.#
#.# #.##.≈♣.......♣≈.....# #.#
..# ..##≈♣⌠♣≈≈≈≈≈♣⌠♣≈###.# #.#
#.. #####≈♣≈#####≈♣≈## #.####.#
#.########≈#######≈#####......#
..#................#.......####
....>...####...#.#.#######
........# #.....#.......#
........# #...#########.#


There were no monsters in sight!

Vanquished Creatures
  An ooze (D:1)
  A goblin (D:1)
  A bat (D:1)
  A frilled lizard (D:1)
  A kobold (D:1)
5 creatures vanquished.

Vanquished Creatures (others)
  4 toadstools (D:1)
4 creatures vanquished.

Grand Total: 9 creatures vanquished

Notes
Turn   | Place    | Note
-------+----------+-------------------------------------------
     0 | D:1      | Essalna the Demonspawn Berserker began the quest for the
                  | Orb.
     0 | D:1      | Reached XP level 1. HP: 18/18 MP: 1/1
   426 | D:1      | Gained mutation: You have sharp fingernails. [demonic
                  | ancestry]
   426 | D:1      | Reached XP level 2. HP: 24/24 MP: 2/2
   513 | D:$      | Got out of the dungeon alive.

Levels and vault maps discovered:
D:1:      ldierk_water_garden, layout_basic, minmay_tree_intersection

Skill      XL: |  1 |
---------------+----+-----
Armour         | 2 |  2.0
Fighting       | |  3.2
Long Blades    | |  2.9
Dodging        | |  1.7

Action                   || total
-------------------------++-------
Melee: Falchion          ||    13
 Stab: Sleeping          ||     1
Armor: Leather armour    ||     2
Dodge: Dodged            ||     5
       Rpst.: Falchion   ||     2

Table legend:
 A = Non-vault XP
 B = Vault XP
 C = Vault XP percentage of total XP
 D = Non-vault monster count
 E = Vault monster count
 F = Vault count percentage of total count
                 A         B        C        D         E       F
            +---------+---------+-------+---------+---------+-------
      Total |      12 |       0 |   0.0 |       5 |       0 |   0.0
            +---------+---------+-------+---------+---------+-------
        D:1 |      12 |       0 |   0.0 |       5 |       0 |   0.0
            +---------+---------+-------+---------+---------+-------
